 Dungeon Crawl Stone Soup version 0.19.0-9-gfd783f2 (webtiles) character file.

30 Firebatgyro the Slasher (level 3, -4/26 HPs)
             Began as a High Elf Abyssal Knight on Nov 7, 2016.
             Was a Follower of Lugonu.
             Slain by Robin
             ... wielding a +0 mace
              (8 damage)
             ... on level 3 of the Dungeon.
             The game lasted 00:02:12 (1174 turns).

Firebatgyro the Slasher (High Elf Abyssal Knight)   Turns: 1174, Time: 00:02:12

Health: -4/26      AC:  4    Str: 12    XL:     3   Next: 5%
Magic:  6/6        EV: 12    Int: 16    God:    Lugonu [*.....]
Gold:   59         SH:  0    Dex: 14    Spells: 0 memorised, 2 levels left

rFire  . . .     SeeInvis .     a - +1 falchion
rCold  . . .     Gourm    .     b - +0 leather armour
rNeg   . . .     Faith    .     (no shield)
rPois  .         Spirit   .     (no helmet)
rElec  .         Reflect  .     e - +0 cloak
rCorr  .         Harm     .     (no gloves)
MR     .....                    (no boots)
Stlth  +.........               (no amulet)
                                (no ring)
                                (no ring)

@: no status effects
A: no striking features
a: Depart the Abyss, Renounce Religion


You were on level 3 of the Dungeon.
You worshipped Lugonu.
Lugonu was aware of your devotion.
You were hungry.

You visited 1 branch of the dungeon, and saw 3 of its levels.
You visited the Abyss 1 time.

You collected 59 gold pieces.

Inventory:

Hand Weapons
 a - a +1 falchion (weapon)
Missiles
 h - 12 poisoned needles
 l - 23 arrows
Armour
 b - a +0 leather armour (worn)
 e - a +0 cloak (worn)
Jewellery
 d - an uncursed amulet of regeneration {unknown}
Scrolls
 g - a scroll of identify {unknown}
 i - a scroll of enchant armour {unknown}
 j - a scroll of teleportation {unknown}
 k - a scroll of amnesia {unknown}
 m - a scroll of remove curse {unknown}
Comestibles
 c - 2 bread rations
 f - a beef jerky


   Skills:
 - Level 3.0 Fighting
 + Level 3.3 Long Blades
 - Level 0.8 Armour
 - Level 2.1 Dodging
 + Level 3.1 Invocations


You had 2 spell levels left.
You didn't know any spells.

Dungeon Overview and Level Annotations

Branches:
Dungeon (2/15)

Altars:
Ashenzari
Dithmenos
Hepliaklqana
Vehumet

Annotations:
D:2 Sigmund
D:3 Robin


Message History

The hobgoblin hits you.
You closely miss the hobgoblin.
The hobgoblin no longer looks unusually strong.
Robin rages.
The hobgoblin hits you but does no damage.
You hit the hobgoblin but do no damage. The hobgoblin misses you.
The hobgoblin closely misses you.
You hit the hobgoblin.
You kill the hobgoblin!
Lugonu accepts your kill.
You closely miss Robin. Robin barely misses you. Robin hits you with a mace!
Ouch! That really hurt!
* * * LOW HITPOINT WARNING * * *
You are too injured to fight recklessly!
The goblin hits you with a dagger.
* * * LOW HITPOINT WARNING * * *
You hit Robin.
Robin is lightly wounded.
Robin hits you with a mace!
You die...

#.####.##### #..# ♣♣♣♣.#
####.♣♣P♣♣.♣ ###
.[...♣P.P...♣♣# #.. #.
...♣♣P..♣P♣ #.. #.#
♣P♣P..P..♣ #.. ####..
#♣.g♣..♣PP♣### ### .....
#)♣♣@.♣♣PP♣..## #..##g♣gP.♣
♣♣...## #.....g♣♣..♣ #.>...#
##..#.#.♣♣.♣ #...♣.♣♣
......#..........#...♣P.♣♣♣
....# #†.........#...#♣...♣♣♣
.....................+♣♣♣..♣♣
....#.#..............# ♣.♣..
## #g#.............. ♣♣.P♣


You could see Robin (berserk), a hobgoblin and a goblin.

Vanquished Creatures
  A leopard gecko (D:2)
  6 bats
  2 bat zombies (D:1)
  3 giant cockroaches (D:1)
  5 goblins
  2 hobgoblins
  A quokka (D:3)
  3 kobolds (D:1)
  4 rats (D:1)
27 creatures vanquished.

Notes
Turn   | Place    | Note
-------+----------+-------------------------------------------
     0 | Abyss:1  | Firebatgyro the High Elf Abyssal Knight began the quest for the Orb.
     0 | Abyss:1  | Reached XP level 1. HP: 16/16 MP: 3/3
    24 | Abyss:1  | Found an ancient bone altar of Kikubaaqudgha.
    51 | Abyss:1  | Noticed a small abomination
    53 | Abyss:1  | Noticed a starcursed mass
    53 | D:1      | Escaped the Abyss
   163 | D:1      | Reached XP level 2. HP: 13/21 MP: 4/4
   380 | D:1      | Reached * piety under Lugonu
   703 | D:1      | You fall through a shaft!
   703 | D:2      | Found a radiant altar of Vehumet.
   703 | D:2      | Found a hazy altar of Hepliaklqana.
   703 | D:2      | Found a shattered altar of Ashenzari.
   703 | D:2      | Found a shadowy altar of Dithmenos.
   703 | D:2      | Noticed Sigmund
   828 | D:2      | You fall through a shaft!
  1153 | D:3      | Noticed Robin
  1164 | D:3      | Reached XP level 3. HP: 26/26 MP: 6/6
  1174 | D:3      | Slain by Robin

Skill      XL: |  1  2 |
---------------+-------+-----
Long Blades    | 3 |  3.3
Invocations    | 3 |  3.1
Fighting       | |  3.0
Armour         | |  0.8
Dodging        | |  2.1

Action                   || total
-------------------------++-------
Melee: Falchion          ||    79
Invok: Depart the Abyss  ||     1
Armor: Leather armour    ||    40
Dodge: Dodged            ||    90
       Rpst.: Falchion   ||    24
